2298 views
Uploaded 2022-01-12 20:06:30
Game version 1.32.10
27:39 long 4on4 ladder game on (8)NorthernFelwood
Saved by xzz
2298 views
Uploaded 2022-01-12 20:06:30
Game version 1.32.10
27:39 long 4on4 ladder game on (8)NorthernFelwood


101 units @ 13.6k
/ 1.3k
65 buildings @ 9.1k
/ 3.4k


| Scroll of Speed | 1 | 50 |
| Scroll of Town Portal | 1 | 350 |
| total: | 2 | 400g |
| Peon | 10 | 750 | / | 0 |
| Grunt | 11 | 2200 | / | 0 |
| Raider | 2 | 360 | / | 80 |
| Spirit Walker | 1 | 195 | / | 35 |
| total: | 24 | 3505g | / | 115w |
| Watch Tower | 1 | 110 | / | 80 |
| Altar of Storms | 1 | 180 | / | 50 |
| Orc Burrow | 7 | 1120 | / | 280 |
| Barracks | 1 | 180 | / | 50 |
| Voodoo Lounge | 1 | 130 | / | 30 |
| War Mill | 1 | 205 | / | 0 |
| Tauren Totem | 2 | 270 | / | 310 |
| Beastiary | 1 | 145 | / | 140 |
| Stronghold | 1 | 315 | / | 190 |
| total: | 15 | 2340g | / | 940w |
| 0:05 | Altar of Storms |
| 0:06 | Peon |
| 0:06 | Peon |
| 0:18 | Peon |
| 0:24 | Orc Burrow |
| 0:35 | Peon |
| 0:42 | Barracks |
| 0:44 | Peon |
| 0:54 | Peon |
| 1:34 | Orc Burrow |
| 1:44 | Grunt |
| 1:55 | Peon |
| 1:55 | Peon |
| 2:15 | Feral Spirit |
| 2:43 | Grunt |
| 2:45 | Peon |
| 2:46 | Peon |
| 2:51 | Orc Burrow |
| 3:31 | Stronghold |
| 4:11 | Grunt |
| 4:20 | Voodoo Lounge |
| 5:02 | Grunt |
| 5:03 | Grunt |
| 5:29 | Chain Lighting |
| 5:38 | Orc Burrow |
| 5:40 | Orc Burrow |
| 5:48 | War Mill |
| 6:23 | Orc Burrow |
| 6:26 | Orc Burrow |
| 7:19 | Grunt |
| 7:21 | Berserker Strength |
| 7:37 | Grunt |
| 8:00 | Feral Spirit |
| 8:08 | Tauren Totem |
| 8:54 | Spiked Barricades |
| 9:03 | Scroll of Speed |
| 9:05 | Scroll of Town Portal |
| 9:12 | Tauren Totem |
| 9:17 | Beastiary |
| 10:34 | Grunt |
| 10:35 | Grunt |
| 10:35 | Grunt |
| 10:36 | Raider |
| 10:36 | Raider |
| 10:41 | Healing Wave |
| 10:54 | Improved Spiked Barricades |
| 10:58 | Watch Tower |
| 12:13 | Grunt |
| 12:14 | Spirit Walker |
| Right click | 671 |
| Select | 332 |
| Build/train/purchase | 58 |
| Misc. action | 39 |
| Use ability | 14 |
| Minimap ping | 6 |
| Remove unit | 3 |

| Rod of Necromancy | 1 | 150 |
| Potion of Healing | 2 | 300 |
| total: | 3 | 450g |
| Acolyte | 7 | 525 | / | 0 |
| Ghoul | 5 | 600 | / | 0 |
| Crypt Fiend | 11 | 2365 | / | 440 |
| total: | 23 | 3490g | / | 440w |
| Nerubian Tower | 1 | 100 | / | 20 |
| Spirit Tower | 2 | 290 | / | 80 |
| Altar of Darkness | 1 | 180 | / | 50 |
| Ziggurat | 9 | 1350 | / | 450 |
| Crypt | 2 | 400 | / | 100 |
| Graveyard | 1 | 215 | / | 0 |
| Tomb of Relics | 1 | 130 | / | 30 |
| Halls of the Dead | 1 | 320 | / | 210 |
| Black Citadel | 1 | 325 | / | 230 |
| total: | 14 | 2275g | / | 630w |
| 0:04 | Acolyte |
| 0:04 | Acolyte |
| 0:14 | Altar of Darkness |
| 0:17 | Ziggurat |
| 0:44 | Crypt |
| 0:46 | Acolyte |
| 1:40 | Nerubian Tower |
| 1:45 | Ghoul |
| 1:46 | Ghoul |
| 1:56 | Graveyard |
| 2:04 | Tomb of Relics |
| 2:07 | Ghoul |
| 2:22 | Ziggurat |
| 3:06 | Ziggurat |
| 3:12 | Ghoul |
| 3:13 | Ghoul |
| 3:43 | Crypt |
| 3:46 | Rod of Necromancy |
| 3:54 | Crypt Fiend |
| 4:09 | Spirit Tower |
| 4:30 | Sleep |
| 4:32 | Crypt Fiend |
| 4:52 | Crypt Fiend |
| 5:36 | Halls of the Dead |
| 5:43 | Ziggurat |
| 6:47 | Vampiric Aura |
| 7:00 | Crypt Fiend |
| 7:02 | Spirit Tower |
| 8:00 | Web |
| 8:01 | Burrow |
| 8:19 | Ziggurat |
| 8:21 | Ziggurat |
| 8:26 | Ziggurat |
| 8:34 | Acolyte |
| 8:34 | Acolyte |
| 8:35 | Acolyte |
| 8:35 | Acolyte |
| 9:07 | Crypt Fiend |
| 9:41 | Crypt Fiend |
| 9:41 | Crypt Fiend |
| 9:57 | Crypt Fiend |
| 9:58 | Crypt Fiend |
| 10:17 | Potion of Healing |
| 10:22 | Potion of Healing |
| 10:44 | Crypt Fiend |
| 11:27 | Vampiric Aura |
| 11:38 | Black Citadel |
| 11:42 | Crypt Fiend |
| 12:46 | Ziggurat |
| 12:49 | Ziggurat |
| Right click | 550 |
| Select | 174 |
| Build/train/purchase | 48 |
| Use ability | 10 |
| Resource trade | 6 |
| Assign group | 5 |


| Scroll of Regeneration | 1 | 100 |
| Lesser Clarity Potion | 1 | 70 |
| total: | 2 | 170g |
| Peasant | 19 | 1425 | / | 0 |
| Footman | 6 | 810 | / | 0 |
| Gryphon Rider | 6 | 1680 | / | 420 |
| total: | 31 | 3915g | / | 420w |
| Scout Tower | 5 | 150 | / | 100 |
| Guard Tower | 5 | 350 | / | 250 |
| Altar of Kings | 1 | 180 | / | 50 |
| Farm | 9 | 720 | / | 180 |
| Barracks | 1 | 160 | / | 60 |
| Lumber Mill | 2 | 240 | / | 0 |
| Town Hall | 1 | 385 | / | 205 |
| Arcane Vault | 2 | 260 | / | 60 |
| Blacksmith | 1 | 140 | / | 60 |
| Gryphon Aviary | 3 | 420 | / | 450 |
| Keep | 1 | 320 | / | 210 |
| Castle | 1 | 360 | / | 210 |
| total: | 25 | 2655g | / | 1165w |
| 0:03 | Peasant |
| 0:03 | Peasant |
| 0:03 | Peasant |
| 0:20 | Altar of Kings |
| 0:33 | Peasant |
| 0:35 | Farm |
| 0:49 | Barracks |
| 0:54 | Peasant |
| 0:57 | Farm |
| 0:58 | Farm |
| 0:58 | Farm |
| 1:03 | Peasant |
| 1:32 | Peasant |
| 1:41 | Peasant |
| 1:42 | Peasant |
| 1:50 | Footman |
| 1:59 | Peasant |
| 2:08 | Footman |
| 2:20 | Summon Water Elemental |
| 2:28 | Footman |
| 2:29 | Peasant |
| 2:52 | Peasant |
| 2:53 | Footman |
| 3:10 | Lumber Mill |
| 3:11 | Peasant |
| 3:12 | Peasant |
| 3:42 | Brilliance Aura |
| 3:49 | Keep |
| 4:18 | Town Hall |
| 4:39 | Defend |
| 5:13 | Improved Lumber Harvesting |
| 5:15 | Peasant |
| 5:18 | Scout Tower |
| 5:20 | Scout Tower |
| 5:23 | Scout Tower |
| 5:28 | Summon Water Elemental |
| 5:39 | Footman |
| 5:42 | Arcane Vault |
| 5:46 | Guard Tower |
| 5:48 | Peasant |
| 5:57 | Lumber Mill |
| 6:13 | Guard Tower |
| 6:39 | Guard Tower |
| 6:50 | Blacksmith |
| 6:51 | Castle |
| 6:55 | Footman |
| 7:06 | Arcane Vault |
| 7:13 | Advanced Lumber Harvesting |
| 7:17 | Holy Light |
| 7:22 | Scroll of Regeneration |
| 7:22 | Lesser Clarity Potion |
| 7:32 | Gryphon Aviary |
| 7:33 | Gryphon Aviary |
| 7:35 | Gryphon Aviary |
| 7:42 | Scout Tower |
| 7:43 | Scout Tower |
| 7:53 | Improved Masonry |
| 8:06 | Farm |
| 8:07 | Farm |
| 8:07 | Farm |
| 8:08 | Farm |
| 8:11 | Farm |
| 8:34 | Iron Forged Swords |
| 9:25 | Guard Tower |
| 9:30 | Guard Tower |
| 9:34 | Gryphon Rider |
| 9:35 | Gryphon Rider |
| 9:50 | Studded Leather Armor |
| 9:50 | Steel Forged Swords |
| 10:05 | Advanced Masonry |
| 10:13 | Animal War Training |
| 10:22 | Gryphon Rider |
| 10:25 | Peasant |
| 10:25 | Peasant |
| 10:26 | Peasant |
| 10:40 | Brilliance Aura |
| 11:10 | Divine Shield |
| 11:18 | Gryphon Rider |
| 12:21 | Gryphon Rider |
| 12:22 | Gryphon Rider |
| 12:49 | Storm Hammers |
| 13:01 | Reinforced Leather Armor |
| Select group | 227 |
| Right click | 212 |
| Select | 182 |
| Build/train/purchase | 91 |
| Assign group | 35 |
| Misc. action | 13 |
| Use ability | 7 |
| Minimap ping | 4 |
| Chat | 4 |


| Healing Salve | 1 | 100 |
| Lesser Clarity Potion | 2 | 140 |
| Scroll of Speed | 1 | 50 |
| Potion of Mana | 1 | 200 |
| Scroll of Town Portal | 1 | 350 |
| total: | 6 | 840g |
| Peon | 7 | 525 | / | 0 |
| Troll Headhunter | 10 | 1400 | / | 200 |
| Shaman | 4 | 520 | / | 80 |
| Troll Berserker | 2 | 280 | / | 40 |
| total: | 23 | 2725g | / | 320w |
| Orc Burrow | 4 | 640 | / | 160 |
| Altar of Storms | 1 | 180 | / | 50 |
| Barracks | 2 | 360 | / | 100 |
| War Mill | 1 | 205 | / | 0 |
| Voodoo Lounge | 1 | 130 | / | 30 |
| Spirit Lodge | 2 | 300 | / | 300 |
| Stronghold | 1 | 315 | / | 190 |
| Fortress | 2 | 650 | / | 380 |
| total: | 11 | 1815g | / | 640w |
| 0:03 | Peon |
| 0:03 | Peon |
| 0:03 | Peon |
| 0:04 | Peon |
| 0:21 | Orc Burrow |
| 0:36 | Altar of Storms |
| 0:50 | Barracks |
| 0:55 | Peon |
| 1:05 | War Mill |
| 1:15 | Peon |
| 1:23 | Peon |
| 1:50 | Barracks |
| 2:08 | Orc Burrow |
| 2:16 | Troll Headhunter |
| 2:22 | Troll Headhunter |
| 2:38 | War Stomp |
| 2:56 | Troll Headhunter |
| 3:00 | Troll Headhunter |
| 3:14 | Troll Headhunter |
| 3:18 | Troll Headhunter |
| 3:33 | Troll Headhunter |
| 3:48 | Voodoo Lounge |
| 4:05 | Steel Ranged Weapons |
| 5:11 | Stronghold |
| 5:13 | Healing Salve |
| 5:13 | Lesser Clarity Potion |
| 5:13 | Scroll of Speed |
| 5:20 | Endurance Aura |
| 5:39 | Orc Burrow |
| 6:30 | Orc Burrow |
| 6:56 | Troll Headhunter |
| 7:08 | War Stomp |
| 7:32 | Fortress |
| 7:36 | Spirit Lodge |
| 8:36 | Hex |
| 8:38 | Scroll of Town Portal |
| 8:39 | Potion of Mana |
| 9:08 | Shaman Adept Training |
| 9:10 | Spirit Lodge |
| 9:14 | Thorium Ranged Weapons |
| 10:40 | Troll Headhunter |
| 10:40 | Troll Headhunter |
| 10:42 | Shaman Master Training |
| 10:43 | Shaman |
| 10:43 | Shaman |
| 10:43 | Shaman |
| 10:47 | Lesser Clarity Potion |
| 11:11 | Berserker Upgrade |
| 12:27 | Troll Berserker |
| 12:27 | Troll Berserker |
| 12:28 | Shaman |
| Right click | 249 |
| Select | 146 |
| Build/train/purchase | 58 |
| Select group | 52 |
| Assign group | 15 |
| Use ability | 12 |
| Resource trade | 10 |
| Misc. action | 6 |
| Minimap ping | 4 |
| Item give/drop | 2 |
131 units @ 16.6k
/ 1.4k
88 buildings @ 11.6k
/ 5.2k


| Scroll of Regeneration | 3 | 300 |
| Lesser Clarity Potion | 2 | 140 |
| Potion of Healing | 1 | 150 |
| Potion of Mana | 1 | 200 |
| Scroll of Town Portal | 2 | 700 |
| Scroll of Healing | 1 | 250 |
| Potion of Lesser Invulnerability | 1 | 150 |
| total: | 11 | 1890g |
| Peasant | 15 | 1125 | / | 0 |
| Footman | 11 | 1485 | / | 0 |
| Priest | 2 | 270 | / | 20 |
| Sorceress | 1 | 155 | / | 20 |
| Spell Breaker | 1 | 215 | / | 30 |
| total: | 30 | 3250g | / | 70w |
| Scout Tower | 5 | 150 | / | 100 |
| Arcane Tower | 1 | 70 | / | 50 |
| Guard Tower | 3 | 210 | / | 150 |
| Altar of Kings | 1 | 180 | / | 50 |
| Farm | 8 | 640 | / | 160 |
| Barracks | 2 | 320 | / | 120 |
| Lumber Mill | 1 | 120 | / | 0 |
| Town Hall | 1 | 385 | / | 205 |
| Arcane Vault | 1 | 130 | / | 30 |
| Blacksmith | 1 | 140 | / | 60 |
| Arcane Sanctum | 2 | 300 | / | 280 |
| Workshop | 2 | 280 | / | 280 |
| Keep | 1 | 320 | / | 210 |
| Castle | 1 | 360 | / | 210 |
| total: | 24 | 2645g | / | 1285w |
| 0:04 | Peasant |
| 0:04 | Peasant |
| 0:04 | Peasant |
| 0:09 | Altar of Kings |
| 0:20 | Farm |
| 0:24 | Barracks |
| 0:36 | Peasant |
| 1:06 | Farm |
| 1:10 | Peasant |
| 1:15 | Peasant |
| 1:25 | Footman |
| 1:26 | Footman |
| 1:42 | Farm |
| 1:50 | Footman |
| 1:56 | Peasant |
| 2:08 | Peasant |
| 2:16 | Summon Water Elemental |
| 2:32 | Footman |
| 2:47 | Footman |
| 2:49 | Peasant |
| 3:00 | Farm |
| 3:03 | Lumber Mill |
| 3:11 | Brilliance Aura |
| 3:24 | Peasant |
| 3:42 | Scout Tower |
| 3:44 | Town Hall |
| 3:45 | Scout Tower |
| 3:55 | Footman |
| 4:05 | Peasant |
| 4:22 | Peasant |
| 4:32 | Arcane Tower |
| 4:59 | Scout Tower |
| 5:01 | Peasant |
| 5:30 | Arcane Vault |
| 5:31 | Keep |
| 5:34 | Guard Tower |
| 5:37 | Peasant |
| 5:44 | Footman |
| 5:48 | Scout Tower |
| 5:50 | Farm |
| 5:57 | Footman |
| 6:12 | Blacksmith |
| 6:17 | Summon Water Elemental |
| 6:21 | Improved Lumber Harvesting |
| 6:22 | Improved Masonry |
| 6:25 | Peasant |
| 6:26 | Guard Tower |
| 6:30 | Footman |
| 6:32 | Farm |
| 6:39 | Scroll of Regeneration |
| 6:41 | Lesser Clarity Potion |
| 6:42 | Scroll of Regeneration |
| 6:47 | Barracks |
| 6:56 | Defend |
| 7:22 | Farm |
| 7:22 | Scout Tower |
| 7:30 | Iron Forged Swords |
| 7:31 | Iron Plating |
| 7:38 | Footman |
| 7:48 | Scroll of Town Portal |
| 7:48 | Scroll of Healing |
| 7:48 | Potion of Lesser Invulnerability |
| 7:58 | Advanced Lumber Harvesting |
| 8:39 | Arcane Sanctum |
| 8:41 | Arcane Sanctum |
| 8:47 | Scroll of Town Portal |
| 9:04 | Advanced Masonry |
| 9:07 | Guard Tower |
| 9:30 | Storm Bolt |
| 9:32 | Potion of Healing |
| 9:32 | Potion of Mana |
| 9:32 | Scroll of Regeneration |
| 9:33 | Lesser Clarity Potion |
| 10:49 | Castle |
| 10:51 | Priest |
| 10:51 | Sorceress |
| 10:52 | Spell Breaker |
| 10:52 | Priest Adept Training |
| 10:53 | Sorceress Adept Training |
| 10:55 | Footman |
| 10:59 | Brilliance Aura |
| 11:11 | Bash |
| 11:35 | Workshop |
| 12:36 | Farm |
| 12:37 | Workshop |
| 12:38 | Flak Cannons |
| 13:03 | Priest |
| 13:30 | Storm Bolt |
| Right click | 669 |
| Assign group | 473 |
| Select group | 428 |
| Select | 407 |
| Misc. action | 123 |
| Build/train/purchase | 122 |
| Chat | 41 |
| Use ability | 17 |
| Minimap ping | 3 |
| Item give/drop | 2 |
| Esc | 1 |


| Lesser Clarity Potion | 4 | 280 |
| Scroll of Regeneration | 3 | 300 |
| Potion of Mana | 1 | 200 |
| Potion of Healing | 1 | 150 |
| total: | 9 | 930g |
| Peasant | 14 | 1050 | / | 0 |
| Rifleman | 12 | 2460 | / | 360 |
| Footman | 1 | 135 | / | 0 |
| Priest | 3 | 405 | / | 30 |
| Sorceress | 2 | 310 | / | 40 |
| Goblin Shredder | 1 | 375 | / | 100 |
| total: | 33 | 4735g | / | 530w |
| Scout Tower | 6 | 180 | / | 120 |
| Guard Tower | 3 | 210 | / | 150 |
| Farm | 11 | 880 | / | 220 |
| Altar of Kings | 1 | 180 | / | 50 |
| Blacksmith | 1 | 140 | / | 60 |
| Barracks | 1 | 160 | / | 60 |
| Arcane Vault | 1 | 130 | / | 30 |
| Town Hall | 1 | 385 | / | 205 |
| Lumber Mill | 1 | 120 | / | 0 |
| Arcane Sanctum | 2 | 300 | / | 280 |
| Gryphon Aviary | 2 | 280 | / | 300 |
| Keep | 2 | 640 | / | 420 |
| Castle | 2 | 720 | / | 420 |
| total: | 27 | 2755g | / | 1325w |
| 0:02 | Peasant |
| 0:03 | Peasant |
| 0:18 | Farm |
| 0:20 | Altar of Kings |
| 0:25 | Peasant |
| 0:25 | Peasant |
| 0:43 | Peasant |
| 0:50 | Blacksmith |
| 1:01 | Peasant |
| 1:09 | Farm |
| 1:24 | Barracks |
| 1:29 | Peasant |
| 1:37 | Peasant |
| 2:01 | Farm |
| 2:19 | Farm |
| 2:25 | Peasant |
| 2:27 | Rifleman |
| 2:29 | Peasant |
| 2:33 | Peasant |
| 2:50 | Rifleman |
| 2:58 | Summon Water Elemental |
| 2:58 | Summon Water Elemental |
| 3:07 | Arcane Vault |
| 3:12 | Peasant |
| 3:19 | Peasant |
| 3:40 | Peasant |
| 4:00 | Town Hall |
| 4:13 | Brilliance Aura |
| 5:10 | Goblin Shredder |
| 5:28 | Summon Water Elemental |
| 5:34 | Lumber Mill |
| 5:38 | Lesser Clarity Potion |
| 5:38 | Scroll of Regeneration |
| 5:48 | Lesser Clarity Potion |
| 5:49 | Rifleman |
| 6:03 | Rifleman |
| 6:06 | Farm |
| 6:14 | Rifleman |
| 6:14 | Rifleman |
| 6:28 | Keep |
| 6:46 | Scout Tower |
| 6:47 | Scout Tower |
| 6:55 | Rifleman |
| 7:02 | Black Gunpowder |
| 7:03 | Studded Leather Armor |
| 7:04 | Farm |
| 7:06 | Improved Lumber Harvesting |
| 7:07 | Improved Masonry |
| 7:14 | Rifleman |
| 7:24 | Scout Tower |
| 7:25 | Scout Tower |
| 7:25 | Scout Tower |
| 7:32 | Footman |
| 7:42 | Scout Tower |
| 8:01 | Guard Tower |
| 8:06 | Brilliance Aura |
| 8:23 | Guard Tower |
| 8:24 | Farm |
| 8:34 | Guard Tower |
| 8:36 | Farm |
| 8:37 | Farm |
| 9:11 | Arcane Sanctum |
| 9:13 | Castle |
| 9:15 | Refined Gunpowder |
| 9:15 | Reinforced Leather Armor |
| 9:24 | Advanced Masonry |
| 9:27 | Gryphon Aviary |
| 9:29 | Gryphon Aviary |
| 9:47 | Long Rifles |
| 10:07 | Arcane Sanctum |
| 10:13 | Lesser Clarity Potion |
| 10:14 | Scroll of Regeneration |
| 10:14 | Lesser Clarity Potion |
| 10:15 | Scroll of Regeneration |
| 10:15 | Potion of Mana |
| 10:15 | Potion of Healing |
| 10:29 | Storm Bolt |
| 10:44 | Priest |
| 10:45 | Sorceress |
| 10:45 | Priest |
| 11:23 | Priest |
| 11:23 | Sorceress |
| 11:27 | Farm |
| 11:27 | Farm |
| 11:46 | Summon Water Elemental |
| 12:14 | Thunder Clap |
| 12:16 | Rifleman |
| 12:23 | Rifleman |
| 12:31 | Rifleman |
| 12:45 | Priest Adept Training |
| 12:46 | Sorceress Adept Training |
| 12:46 | Control Magic |
| 12:53 | Rifleman |
| 13:08 | Storm Hammers |
| 13:08 | Cloud |
| Right click | 432 |
| Select group | 399 |
| Select | 285 |
| Misc. action | 201 |
| Build/train/purchase | 151 |
| Assign group | 22 |
| Use ability | 9 |
| Minimap ping | 5 |
| Esc | 4 |
| Item give/drop | 1 |

| Healing Salve | 2 | 200 |
| Lesser Clarity Potion | 1 | 70 |
| Gloves of Haste | 2 | 250 |
| Claws of Attack +12 | 1 | 500 |
| Alleria's Flute of Accuracy | 1 | 400 |
| Helm of Valor | 1 | 500 |
| total: | 8 | 1920g |
| Peon | 16 | 1200 | / | 0 |
| Grunt | 3 | 600 | / | 0 |
| Troll Headhunter | 6 | 840 | / | 120 |
| Wind Rider | 6 | 1590 | / | 240 |
| Dark Troll Shadow Priest | 1 | 195 | / | 10 |
| Dark Troll Berserker | 1 | 255 | / | 30 |
| total: | 33 | 4680g | / | 400w |
| Watch Tower | 7 | 770 | / | 560 |
| Altar of Storms | 1 | 180 | / | 50 |
| Orc Burrow | 6 | 960 | / | 240 |
| Barracks | 1 | 180 | / | 50 |
| Voodoo Lounge | 1 | 130 | / | 30 |
| War Mill | 2 | 410 | / | 0 |
| Great Hall | 1 | 385 | / | 185 |
| Beastiary | 2 | 290 | / | 280 |
| Stronghold | 1 | 315 | / | 190 |
| Fortress | 2 | 650 | / | 380 |
| total: | 21 | 3305g | / | 1395w |
| 0:06 | Peon |
| 0:06 | Peon |
| 0:08 | Altar of Storms |
| 0:10 | Orc Burrow |
| 0:36 | Barracks |
| 0:49 | Peon |
| 1:20 | Peon |
| 1:23 | Orc Burrow |
| 1:40 | Grunt |
| 2:01 | Voodoo Lounge |
| 2:18 | Grunt |
| 2:46 | Serpent Ward |
| 2:51 | War Mill |
| 2:53 | Peon |
| 3:01 | Grunt |
| 3:36 | Peon |
| 3:39 | Orc Burrow |
| 4:02 | Troll Headhunter |
| 4:03 | Troll Headhunter |
| 4:36 | Hex |
| 5:02 | Dark Troll Shadow Priest |
| 5:07 | Dark Troll Berserker |
| 5:14 | Stronghold |
| 5:16 | Troll Headhunter |
| 5:34 | Healing Salve |
| 5:35 | Lesser Clarity Potion |
| 5:40 | Healing Salve |
| 5:57 | Troll Headhunter |
| 6:25 | Troll Headhunter |
| 7:12 | Serpent Ward |
| 7:17 | Steel Ranged Weapons |
| 7:39 | Beastiary |
| 7:41 | Beastiary |
| 7:45 | Peon |
| 7:47 | Orc Burrow |
| 7:59 | Steel Armor |
| 8:25 | Gloves of Haste |
| 9:03 | Wind Rider |
| 9:08 | Orc Burrow |
| 9:34 | Great Hall |
| 9:37 | Hex |
| 10:48 | Fortress |
| 10:50 | Wind Rider |
| 10:59 | Watch Tower |
| 10:59 | Watch Tower |
| 10:59 | Watch Tower |
| 11:00 | Watch Tower |
| 11:01 | Watch Tower |
| 11:05 | Peon |
| 11:06 | Peon |
| 11:06 | Peon |
| 11:06 | Peon |
| 11:10 | Orc Burrow |
| 12:25 | Serpent Ward |
| 12:36 | Wind Rider |
| 13:10 | Wind Rider |
| 13:56 | Wind Rider |
| 14:06 | Watch Tower |
| 14:09 | Watch Tower |
| 14:21 | Peon |
| 14:23 | Peon |
| 14:34 | Reinforced Defenses |
| 14:43 | Peon |
| 14:44 | Peon |
| 14:49 | Peon |
| 15:30 | Fortress |
| 15:33 | War Mill |
| 17:37 | Thorium Ranged Weapons |
| 17:38 | Thorium Armor |
| 19:35 | Envenomed Spears |
| 19:38 | Arcanite Ranged Weapons |
| 19:38 | Spiked Barricades |
| 19:45 | Improved Spiked Barricades |
| 20:07 | Berserker Upgrade |
| 20:15 | Wind Rider |
| 20:21 | Troll Headhunter |
| 20:32 | Claws of Attack +12 |
| 20:51 | Alleria's Flute of Accuracy |
| 21:06 | Gloves of Haste |
| 21:26 | Arcanite Armor |
| 21:45 | Troll Regeneration |
| 21:58 | Helm of Valor |
| Right click | 691 |
| Select | 305 |
| Select group | 148 |
| Build/train/purchase | 79 |
| Use ability | 71 |
| Assign group | 19 |
| Chat | 13 |
| Item give/drop | 7 |
| Misc. action | 6 |
| Minimap ping | 3 |
| Remove unit | 2 |
| Esc | 2 |


| Scroll of Healing | 2 | 500 |
| Potion of Lesser Invulnerability | 1 | 150 |
| Scroll of Protection | 3 | 450 |
| total: | 6 | 1100g |
| Wisp | 16 | 960 | / | 0 |
| Archer | 11 | 1430 | / | 110 |
| Hippogryph | 7 | 1120 | / | 140 |
| Goblin Shredder | 1 | 375 | / | 100 |
| total: | 35 | 3885g | / | 350w |
| Moon Well | 8 | 1440 | / | 320 |
| Ancient of War | 1 | 150 | / | 60 |
| Altar of Elders | 1 | 180 | / | 50 |
| Tree of Life | 1 | 340 | / | 185 |
| Hunter's Hall | 1 | 210 | / | 100 |
| Ancient of Wonders | 1 | 90 | / | 30 |
| Ancient of Wind | 2 | 300 | / | 280 |
| Ancient of Lore | 1 | 155 | / | 145 |
| Tree of Ages | 2 | 640 | / | 360 |
| Tree of Eternity | 1 | 330 | / | 200 |
| total: | 16 | 2865g | / | 1170w |
| 0:02 | Wisp |
| 0:02 | Wisp |
| 0:03 | Wisp |
| 0:07 | Wisp |
| 0:08 | Wisp |
| 0:11 | Wisp |
| 0:11 | Wisp |
| 0:11 | Wisp |
| 0:31 | Moon Well |
| 0:45 | Ancient of War |
| 0:59 | Altar of Elders |
| 1:10 | Wisp |
| 1:10 | Wisp |
| 1:12 | Wisp |
| 1:22 | Moon Well |
| 1:26 | Wisp |
| 1:47 | Archer |
| 2:04 | Archer |
| 2:09 | Moon Well |
| 2:20 | Archer |
| 2:26 | Wisp |
| 2:30 | Wisp |
| 2:53 | Archer |
| 2:57 | Evasion |
| 3:03 | Archer |
| 3:25 | Archer |
| 3:42 | Archer |
| 3:43 | Tree of Ages |
| 4:15 | Tree of Life |
| 4:33 | Hunter's Hall |
| 4:44 | Mana Burn |
| 5:07 | Moon Well |
| 5:10 | Moon Well |
| 5:58 | Ultravision |
| 5:58 | Strength of the Moon |
| 6:07 | Improved Bows |
| 6:27 | Ancient of Wind |
| 6:28 | Ancient of Wind |
| 7:07 | Nature's Blessing |
| 7:17 | Trueshot Aura |
| 7:22 | Tree of Eternity |
| 7:28 | Moon Armor |
| 7:36 | Hippogryph |
| 7:58 | Hippogryph |
| 8:02 | Mana Burn |
| 8:17 | Hippogryph |
| 8:44 | Goblin Shredder |
| 8:55 | Hippogryph |
| 9:25 | Archer |
| 9:25 | Archer |
| 9:26 | Hippogryph |
| 9:43 | Improved Strength of the Moon |
| 9:56 | Archer |
| 9:56 | Hippogryph |
| 9:59 | Moon Well |
| 10:15 | Moon Well |
| 10:18 | Marksmanship |
| 10:26 | Improved Moon Armor |
| 10:26 | Advanced Moon Armor |
| 11:09 | Hippogryph |
| 11:09 | Archer |
| 11:09 | Druid of the Talon Adept Training |
| 11:12 | Ancient of Lore |
| 11:14 | Wisp |
| 11:14 | Wisp |
| 11:31 | Ancient of Wonders |
| 11:38 | Well Spring |
| 11:55 | Scroll of Healing |
| 11:56 | Potion of Lesser Invulnerability |
| 11:58 | Scroll of Healing |
| 12:00 | Scroll of Protection |
| 12:00 | Scroll of Protection |
| 12:00 | Scroll of Protection |
| 12:16 | Advanced Strength of the Moon |
| 12:35 | Scout |
| 12:36 | Evasion |
| 12:40 | Druid of the Claw Adept Training |
| 13:01 | Druid of the Talon Master Training |
| 13:19 | Moon Well |
| 13:25 | Druid of the Claw Master Training |
| Right click | 768 |
| Assign group | 461 |
| Select group | 403 |
| Select | 240 |
| Build/train/purchase | 81 |
| Misc. action | 56 |
| Use ability | 12 |
| Esc | 5 |
| Chat | 4 |
| Item give/drop | 1 |
⇛